 Dungeon Crawl Stone Soup version 0.29-a0-451-gfbfa42419e (webtiles) character file.

Game seed: 3599515599188054106

172 jlumianski the Skirmisher (level 5, -1/42 HPs)
             Began as a Demonspawn Fighter on May 19, 2022.
             Was an Initiate of Wu Jian.
             Slain by Pikel
             ... wielding a +2 whip of freezing
              (2 damage)
             ... in the Ecumenical Temple.
             The game lasted 00:13:22 (2943 turns).

jlumianski the Skirmisher (Demonspawn Fighter)      Turns: 2943, Time: 00:13:23

Health: -1/42      AC: 11    Str: 18    XL:     5   Next: 27%
Magic:  5/5        EV:  9    Int:  9    God:    Wu Jian [......]
Gold:   94         SH:  4    Dex: 13    Spells: 4/4 levels left

rFire   . . .      SeeInvis .   n - +2 short sword (speed)
rCold   . . .      Faith    .   c - +0 buckler
rNeg    . . .      Spirit   .   b - +0 scale mail
rPois   .          Reflect  .   f - +2 hat
rElec   .          Harm     .   x - +0 cloak
rCorr   .          Rampage  .   (no gloves)
Will    .....                   m - +0 pair of boots
Stlth   ..........              (no amulet)
HPRegen 0.14/turn               r - ring of flight
MPRegen 0.09/turn               (no ring)

@: flying
A: weakness stinger 2
a: Renounce Religion


You were in the Ecumenical Temple.
You worshipped Wu Jian.
Wu Jian was noncommittal.
You visited 2 branches of the dungeon, and saw 5 of its levels.

You collected 94 gold pieces.

Inventory:

Hand Weapons
 a - a +0 war axe
 n - a +2 short sword of speed (weapon)
Missiles
 h - 149 stones
 t - 17 poisoned darts (quivered)
Armour
 b - a +0 scale mail (worn)
 c - a +0 buckler (worn)
 f - a +2 hat (worn)
 m - a +0 pair of boots (worn)
 x - a +0 cloak (worn)
Jewellery
 r - a ring of flight (left hand)
Scrolls
 e - a scroll of fear {unknown}
 g - a scroll of torment {unknown}
 j - a scroll of vulnerability
 k - a scroll of enchant weapon {unknown}
 l - a scroll of identify {unknown}
 u - 2 scrolls of teleportation {unknown}
 v - 2 scrolls of blinking {unknown}
 w - a scroll of magic mapping {unknown}
Potions
 d - 2 potions of might
 i - a potion of resistance {unknown}
 o - a potion of flight {unknown}
 p - 3 potions of curing {unknown}
 q - 3 potions of degeneration {unknown}
 s - 2 potions of magic {unknown}


   Skills:
 + Level 3.6 Fighting
 * Level 2.1 Short Blades
 - Level 2.7 Axes
 + Level 3.4 Armour
 + Level 1.0 Dodging
 + Level 3.0 Shields


You had 4 spell levels left.
You didn't know any spells.
Your spell library contained the following spells:

 Spells                   Type           Power      Damage    Failure   Level
 Searing Ray              Conj           0%         2d4       94%         2
 Conjure Flame            Conj/Fire      0%         6-21      99%         3
 Ignite Poison            Fire/Tmut/Pois 0%         N/A       99%         3
 Petrify                  Tmut/Erth      0%         N/A       100%        4
 Sticky Flame             Conj/Fire      0%         2d3       100%        4
 Freezing Cloud           Conj/Ice/Air   0%         6-21      100%        5


Dungeon Overview and Level Annotations

Branches:
Dungeon (4/15)             Temple (1/1) D:4

Altars:
Cheibriados
Fedhas
Hepliaklqana
Kikubaaqudgha
Nemelex Xobeh
Okawaru
Qazlal
Ru
Sif Muna
Wu Jian
Xom

Annotations:
Temple Pikel


Innate Abilities, Weirdness & Mutations

You have a tail ending in a sharp stinger.


Message History

The lemure is heavily wounded.
The lemure hits you.
Pikel hits you with a +2 whip of freezing.
Pikel freezes you. The lemure hits you but does no damage.
You hit the lemure.
The lemure is heavily wounded.
The lemure barely misses you.
Pikel hits you with a +2 whip of freezing.
Pikel freezes you. The lemure hits you.
You hit the lemure.
The lemure is heavily wounded.
You hit the lemure.
The lemure is severely wounded.
You block the lemure's attack. You block Pikel's attack.
The lemure hits you but does no damage.
You closely miss the lemure.
The lemure is severely wounded.
The lemure hits you. Pikel completely misses you.
The lemure hits you but does no damage.
You hit the lemure.
Your tail-slap misses the lemure.
The lemure is severely wounded.
You hit the lemure.
The lemure is almost dead.
The lemure hits you but does no damage.
Pikel hits you with a +2 whip of freezing.
Pikel freezes you. The lemure closely misses you.
You hit the lemure.
You kill the lemure!
That felt strangely unrewarding.
Pikel closely misses you. The lemure hits you. The lemure misses you.
Things that are here:
a +0 mace; an orc corpse The lemure hits you.
* * * LOW HITPOINT WARNING * * *
Pikel barely misses you.
You closely miss the lemure.
Pikel hits you with a +2 whip of freezing!
* * * LOW HITPOINT WARNING * * *
Pikel freezes you.
You die...

..P.....P..........P.....P..
...P...P...........P.._..P..
.PPP............P.....P..
.................P...P...
.........PPP......PPP....
........P...P............
P......P...).............
.P.....P5K<..P......PPP..
..P....P@.[..P.....P...P.
..P.....P...P.....P.....P
..P......PPP......P.._..P
.P................P.....P
..................P...P.
...................PPP..
..PPP............. .....
.P...P.......PPP. .....


You could see Pikel and a lemure.

Vanquished Creatures
  A lemure (Temple)
  An orc priest (D:2)
  3 adders
  A worm (D:3)
  2 dart slugs
  10 orcs
  9 ball pythons
  8 endoplasms
  16 giant cockroaches
  4 goblins
  6 hobgoblins
  5 quokkas
  5 bats
  3 frilled lizards (D:3)
  7 kobolds
  6 rats
87 creatures vanquished.

Vanquished Creatures (others)
  5 fungi (D:1)
  4 plants
9 creatures vanquished.

Grand Total: 96 creatures vanquished

Notes
Turn   | Place    | Note
-------+----------+-------------------------------------------
     0 | D:1      | jlumianski the Demonspawn Fighter began the quest for the
                  | Orb.
     0 | D:1      | Reached XP level 1. HP: 18/18 MP: 1/1
   127 | D:1      | Got the Disquisition on Shifting Conjuration
   201 | D:1      | Gained mutation: You have a small tail. [demonic ancestry]
   201 | D:1      | Reached XP level 2. HP: 3/24 MP: 2/2
   467 | D:1      | Found a faded altar of an unknown god.
   858 | D:2      | Reached XP level 3. HP: 29/29 MP: 3/3
  1396 | D:2      | Reached skill level 1 in Short Blades
  1396 | D:2      | Gained mutation: You have a tail ending in a sharp stinger.
                  | [demonic ancestry]
  1396 | D:2      | Reached XP level 4. HP: 33/35 MP: 4/4
  2045 | D:3      | Reached XP level 5. HP: 41/41 MP: 5/5
  2374 | D:3      | Reached skill level 1 in Dodging
  2651 | D:4      | Found a staircase to the Ecumenical Temple.
  2674 | Temple   | Entered the Ecumenical Temple
  2797 | Temple   | Became a worshipper of the Wu Jian Council
  2877 | D:4      | Noticed Pikel
  2877 | D:4      | Noticed a lemure
  2892 | D:4      | Noticed a lemure
  2907 | D:4      | Noticed a lemure
  2927 | D:4      | Noticed a lemure
  2939 | Temple   | Killed a lemure
  2943 | Temple   | HP: 1/42 [Pikel/+2 whip of freezing (7)]
  2943 | Temple   | Slain by Pikel

Illustrated notes

Levels and vault maps discovered:
D:1:      psy_arrival_whirlpool, layout_basic, dreamdust_ecumenical_altar_grove
D:2:      minmay_roachtagon, layout_basic, dk_vineyard_3
D:3:      layout_basic, st_stairs_9, chequers_serial_rivers_room_a
D:4:      layout_rooms, minmay_temple_entry_purple_smoke, minmay_crossroads,
          uniq_natasha, uniq_pikel
Temple:   mainiacjoe_temple_circle_huts

Skill      XL: |  1  2  3  4  5 |
---------------+----------------+-----
Axes           | 2 |  2.7
Armour         | 3 |  3.4
Short Blades   | 1 2 |  2.1
Dodging        | 1 |  1.0
Shields        | 3 |  3.0
Fighting       | |  3.6

Action                   |  1- 3 |  4- 6 || total
-------------------------+-------+-------++-------
Melee: War axe           |    72 |       ||    72
       Tailslap          |    15 |    15 ||    30
       Short sword       |    38 |   171 ||   209
Invok: Lunge             |       |     1 ||     1
  Use: Scroll            |     1 |       ||     1
Armor: Scale mail        |    63 |    53 ||   116
Dodge: Dodged            |    53 |    61 ||   114
Block: Buckler           |    21 |    30 ||    51

Table legend: (Time is in decaauts)
 A = Elapsed time spent in this place.
 B = Non-inter-level travel time spent in this place.
 C = Inter-level travel time spent in this place.
 D = Time resting spent in this place.
 E = Time spent auto-exploring this place.
 F = Levels seen in this place.
 G = Mean time per level.
                   A        B        C        D        E       F      G
               +--------+--------+--------+--------+--------+-----+--------+
         Total |   2922 |   2883 |     39 |    392 |   1262 |   5 |  584.4 |
       Dungeon |   2739 |   2700 |     39 |    392 |   1187 |   4 |  684.8 |
        Temple |    183 |    183 |      0 |      0 |     75 |   1 |  183.0 |
               +--------+--------+--------+--------+--------+-----+--------+

Top non-repeatable levels by time:
     D:2: 882 daAuts
     D:3: 866 daAuts
     D:1: 846 daAuts
  Temple: 183 daAuts
     D:4: 144 daAuts
